← All builds
Geo / Cortex / Economy first / OBSERVED BUILD

Whirlwind rush

Cortex Geo build order · Supreme Isthmus

Geo pivots to an aircraft plant around 7:00, well before the role usually touches air, and sends Whirlwind bombers (with Valiant and Finch support) straight into the enemy base rather than to the middle front.

Usually blows up the commander for T2 (70%)

#air #raid #rush · 45 distinct matches · 24 players · 6% of Cortex Geo games · team won 59% of 46 · Recently observed

THE CATCH, AND WHAT COMES WITH IT
  • WhirlwindT1 air bombers from 7:00 · 8% of role by thenFrom the Aircraft Plant. Only 8% of Geo games have it by then; others who build it get it around 7:29
  • Aircraft PlantAircraft Plant in 98%17% of all Geo games by then
  • ValiantValiant in 74%11% of all Geo games by then
  • FinchFinch in 52%7% of all Geo games by then
  • ValiantValiant in 48%6% of all Geo games by then

Started with Whirlwind (98%), Stormbringer (2%).

Where those units first fight, in 46 games with kill data: in the middle 52%, in the enemy base 46%.

Those units destroy a typical 1,980 metal of enemy units by 15:00.

Then transitions into Sheldon (14% of army), valiant (9% of army).

HOW TO PLAY IT

Key timing: Aircraft Plant by 6:57

  1. Open bot lab as usual but plan to eat it by 3:27.
  2. Get geo up on schedule to fund the air switch.
  3. Build Aircraft Plant instead of the usual T2 bot path.
  4. Push Whirlwind bombers straight into the enemy base.
  5. Reclaim the Aircraft Plant and transition back to Sheldon and T2 units.

Phase by phase

TYPICAL OF ITS 45 GAMES · AGAINST STANDARD GEO
  1. 1
  2. 2
  3. 3
  4. 4
  5. 5
PLAY THE OPENING

Follow the example game's first 8:00 step by step: what to build now, what comes next, and where it goes. At 1× it keeps pace with your own game.

  1. 1

    Up to the Bot Lab

    Economy
    • Metal Extractor3Mex
    • Wind Turbine3Wind
    Order
    1. Bot LabBot Lab after 3 mex, 3 winddone ~1:11, middle half 0:52–1:20

    By 0:54 in all: 3 mex · 3 wind

    The example game in this phase · 4 steps
    1. Mex ×2
    2. Wind
    3. Mex
    4. Bot LabBot Labdone 1:07 · typical 1:11
  2. 2

    Bot Lab to 5:00

    Economy
    • Metal Extractor2Mex
    • Wind Turbine3Wind−2 vs standard
    • Energy Converter7Converter
    • Energy Storage1Energy storage
    Order
    1. Geothermal PowerplantGeo after 4 mex, 5 wind
    2. Bot LabEat Bot Lab
    Builders
    • Construction Turret5 Con turret
    • Graverobber5 Graverobber
    • Construction Bot2 Con bot
    • Construction Bot1 Con bot for allies
    • Graverobber1 Graverobber for allies

    Some games also: Aircraft Plant (30%)

    By 5:00 in all: 4 mex · 7 wind · 1 geo · 7 converter · 1 energy storage · 5 con turret

    The example game in this phase · 18 steps
    1. Wind
    2. GraverobberGraverobber
    3. Wind ×2
    4. GraverobberGraverobber
    5. Wind
    6. Construction BotCon bot
    7. GraverobberGraverobber
    8. Con turret
    9. Construction BotCon botfor Pond
    10. GraverobberGraverobberfor Beach sea
    11. Mex
    12. GraverobberGraverobber
    13. Geothermal PowerplantGeodone 3:35 · typical 3:26
    14. Converter ×4
    15. Bot LabEat Bot Labreclaimed for its metal
    16. Con turret ×2
    17. Aircraft PlantAircraft Plantdone 3:56 · typical 6:56
    18. WhirlwindWhirlwind ×7done 4:10
  3. 3

    5:00 to T1 air bombers

    Order
    1. Aircraft PlantAircraft Plant after 13 wind, 10 converter, 8 con turretin 67% of games
    2. WhirlwindT1 air bombers after 8 wind, 8 converter, 7 con turret
    Builders
    • Construction Turret1 Con turret

    Some games also: Advanced Geothermal Powerplant (48%) · converter (48%) · wind (39%)

    The standard build makes here, this one skips: 2 wind · 2 converter

    By 6:59 in all: 4 mex · 8 wind (standard 11) · 1 geo · 9 converter (standard 12) · 1 energy storage · 7 con turret

    The example game in this phase · 1 step
    1. WhirlwindWhirlwinddone 4:03
  4. 4

    T1 air bombers to Advanced Bot Lab

    Order
    1. Advanced Bot LabAdvanced Bot Lab after 11 wind, 10 converter, 6 con turretdone ~9:38, middle half 8:56–10:13
    Army
    • Whirlwind13 Whirlwind +13 vs standard
    • Valiant6 Valiant +6 vs standard

    Some games also: con turret (43%) · finch (43%) · wind (33%) · converter (33%)

    By 8:55 in all: 4 mex · 14 wind · 1 geo · 1 Advanced Geothermal Powerplant · 11 converter (standard 15) · 1 energy storage

    The example game in this phase · 8 steps
    1. WhirlwindWhirlwind ×2
    2. FinchFinch
    3. Construction AircraftCon aircraft
    4. Con turret
    5. HerculesLight transport
    6. Con turret
    7. Advanced Metal ExtractorT2 mex ×2done 6:13 · typical 5:48
    8. Advanced Bot LabAdvanced Bot Labdone 8:43 · typical 9:38
  5. 5

    Advanced Bot Lab to 15:00

    Economy
    • Energy Converter7Converter+7 vs standard
    Order
    1. Aircraft PlantEat Aircraft Plant
    Builders
    • Construction Turret1 Con turret

    Some games also: wind (46%) · valiant (41%) · Sheldon (35%) · jammer bot (35%) · radar bot (35%)

    The standard build makes here, this one skips: 5 Sheldon

    By 15:00 in all: 4 mex · 21 wind · 1 geo · 1 Advanced Geothermal Powerplant · 19 converter · 1 energy storage

    The example game in this phase · 63 steps
    1. Advanced Geothermal PowerplantAdvanced Geothermal Powerplantdone 8:13 · typical 7:19
    2. Aircraft PlantEat Aircraft Plantreclaimed for its metal
    3. Converter
    4. Advanced Metal ExtractorT2 mex
    5. Converter
    6. Advanced Metal ExtractorT2 mex
    7. Converter ×3
    8. ArbiterArbiterfor Suicide frontdone 8:57
    9. Con turret
    10. ArbiterArbiterfor Suicide front
    11. Converter ×2
    12. Advanced Construction BotT2 con botfor Front
    13. Converter
    14. TwitcherTwitcher
    15. Converter
    16. TwitcherTwitcher
    17. Converter
    18. NemesisNemesis
    19. PrevailerPrevailerdone 11:19
    20. Converter
    21. AugurRadar bot
    22. Converter
    23. DeceiverJammer bot
    24. Converter
    25. SheldonSheldondone 10:02
    26. Converter ×3
    27. SheldonSheldon
    28. Converter
    29. SheldonSheldon ×4
    30. ArbiterArbiter ×2for Suicide front
    31. Wind
    32. Construction BotCon bot
    33. ArbiterArbiterfor Suicide front
    34. Wind ×3
    35. ArbiterArbiterfor Suicide front
    36. Wind ×2
    37. Converter
    38. ArbiterArbiterfor Suicide front
    39. Converter ×2
    40. ArbiterArbiterfor Suicide front
    41. Converter ×2
    42. ArbiterArbiterfor Suicide front
    43. Converter ×2
    44. SheldonSheldon
    45. Converter ×2
    46. SheldonSheldon
    47. Converter ×2
    48. SheldonSheldon
    49. Converter ×2
    50. SheldonSheldon
    51. Converter ×2
    52. SheldonSheldon
    53. Converter
    54. BirdshotBirdshot
    55. SheldonSheldon
    56. Converter
    57. SheldonSheldon ×3
    58. SumoSumodone 14:16
    59. BirdshotBirdshot
    60. SumoSumo ×3
    61. ManticoreManticoredone 14:55
    62. BirdshotBirdshot
    63. ManticoreManticore

Counts are medians over the build's games: half of them build more, half fewer. The example game is El_Turco's (35 OS, 04/10/2026); pick another.

Team trades

IN AT LEAST 30% OF ITS GAMES

You hand over

  • Graverobber1 Graverobber to Beach seafirst at 2:15 · in 83% of games
  • Construction Bot1 Con bot to Beach sea or Pondfirst at 2:22 · in 78% of games

You get

  • Advanced Construction Bot1 T2 con bot from Techfirst at 4:59 · in 96% of games
  • Advanced Metal Extractor1 T2 mex from Tech or Beach sea or Pondfirst at 5:21 · in 33% of games
  • Valiant12 Valiant from Airfirst at 8:31 · in 35% of games

How it plays out

Typical game of this build against the role’s standard build, running totals by minute

  • This build
  • Standard geo

Metal produced

020k40k
0:005:0010:0015:00

metal

Enemy metal destroyed

05k10k
0:005:0010:0015:00

metal

Own metal lost

02k4k6k
0:005:0010:0015:00

metal

46 games.

Show as table
ByMetal produced: This buildMetal produced: Standard geoEnemy metal destroyed: This buildEnemy metal destroyed: Standard geoOwn metal lost: This buildOwn metal lost: Standard geo
1:003333420000
2:008458720000
3:00151515000000
4:00267926640000
5:00372536940000
6:00533255860000
7:00769178930000
8:00101941096400850
9:0012980138801952124250
10:00159321678920272961755190
11:001917519614303611042326750
12:0021773226863367223630231485
13:0024942255894396404434762397
14:0027379284235578581546604283
15:0030091313957035788153765630
WHAT THE NUMBERS SAY

Won more often than the standard build and destroyed far more enemy metal by 10:00 and 15:00.

  • + Destroys 2005 enemy metal by 10:00 vs 424 for standard.
  • + Won more often than the Geo norm in these games.
  • − Own losses jump to 2022 by 10:00 vs 260 for standard.
  • − Metal production trails standard build slightly throughout.
THE EXAMPLE YOU ARE READING

El_Turco

34.8 OS · 04/10/2026

Open source match ↗

16 received units · includes a constructor
4888 metal received · 148422 energy received

Allied construction assistance is unknown. Timings are observations, not a promise of solo reproducibility.

Typical milestones

Bot Lab1:11Middle 50%: 0:52–1:20 · n=46
Geothermal Powerplant3:26Middle 50%: 3:05–3:36 · n=46
Advanced Metal Extractor5:48Middle 50%: 5:26–6:17 · n=44
Aircraft Plant6:56Middle 50%: 4:34–7:17 · n=45
Advanced Geothermal Powerplant7:19Middle 50%: 6:56–8:10 · n=36
Advanced Bot Lab9:38Middle 50%: 8:56–10:13 · n=24

Played most by

El_Turco6games of this buildPongoPygmaeus6games of this buildOsamaBinClappin4games of this buildPRO_HYDRA4games of this buildzeus_on_god4games of this build